Zazza, neutral female human Wizard -- ------------- .. |...........| ..<..........# ------------- |...........|# |`.........`| |...........|# |%....`.....+ |...........|# |...-.--- .| |...........|### |i..| ------------- # |..%| ### |...| | # |..%----- .| ##......`.....| |`.........`| ------------- Zazza the Thaumaturge Experience level: 6 Strength: 13 Dexterity: 16 Constitution: 15 Intelligence: 18 Wisdom: 12 Charisma: 10 Health: 21(47) Energy: 2(42) Def: 7 Gold: 2266 Moves: 3488 Dungeon seed: yie3U0fUOOTwtCw- Game ID: Zazza_1577174519 Your Inventory: Coins $ - 2266 gold pieces Weapons a - a blessed +1 quarterstaff g - 6 +0 orcish arrows o - a blessed +0 dagger (weapon in hand) t - 7 cursed -1 arrows v - a cursed +0 orcish dagger K - 7 +0 darts O - a +0 scimitar Armor e - an uncursed +0 cloak of magic resistance q - an uncursed +0 cloak of displacement w - an uncursed +0 orcish helm y - an uncursed +0 pair of low boots (being worn) P - an uncursed +0 orcish helm S - an uncursed +0 mummy wrapping V - a blessed +4 cloak of invisibility (being worn) X - a cursed +0 leather jacket (being worn) Comestibles F - an uncursed egg Scrolls i - an uncursed scroll of charging j - an uncursed scroll of create monster x - a blessed scroll of identify A - a cursed scroll of magic mapping G - 4 uncursed scrolls of blank paper Q - an uncursed scroll of identify T - an uncursed scroll of enchant weapon Spellbooks l - an uncursed spellbook of remove curse M - a blessed spellbook of force bolt Potions f - 4 uncursed potions of water r - an uncursed potion of see invisible u - a cursed potion of sickness D - an uncursed potion of confusion Z - an uncursed potion of full healing Rings c - an uncursed +1 ring of increase damage (on left hand) d - an uncursed +3 ring of gain strength (on right hand) J - a cursed ring of aggravate monster U - an uncursed ring of protection from shape changers Wands b - a wand of lightning (0:1) B - a wand of lightning (0:8) E - a wand of magic missile (0:5) Tools k - an uncursed skeleton key m - a magic marker (0:77) n - an uncursed blindfold p - an uncursed lock pick I - an uncursed tallow candle (0:200) L - an uncursed leash W - a blessed oil lamp (0:1462) Gems z - 2 uncursed obsidian stones C - an uncursed sapphire H - an uncursed worthless piece of yellowish brown glass N - an uncursed worthless piece of blue glass Y - an uncursed worthless piece of black glass Spells and supernatural/magical abilities: Name Level Category Fail Memory a - force bolt 1 attack 0% 83% r - remove curse 3 clerical 77% 83% W - pray for help -- divine ? -- Your skills at the end: Fighting Skills Weapon Skills quarterstaff [Basic] Spellcasting Skills attack spells [Basic] enchantment spells [Basic] Final Attributes: You were piously aligned. You were invisible. You had a +1 damage bonus. You are dead. Vanquished creatures: an imp 2 Mordor orcs a rock mole a kobold mummy a straw golem a paper golem a giant ant 2 floating eyes a kitten 2 homunculi a kobold lord 6 hill orcs a rothe a giant bat an orc zombie 3 dwarf zombies a werejackal 4 iguanas 4 killer bees an acid blob a gas spore a hobgoblin 2 giant rats 3 cave spiders a green mold 2 gnomes 4 garter snakes 3 gnome zombies 6 geckos 8 jackals a fox 2 goblins 4 grid bugs 2 bats 5 lichens 2 kobold zombies 3 newts 86 creatures vanquished. Voluntary challenges: You used a wielded weapon 66 times, starting on turn 67. You read items or engraved 17 times, starting on turn 1160. You never genocided any monsters. You never polymorphed an object. You never changed form. You used no wishes. You never split a pudding. You wrote Elbereth's name 12 times, starting on turn 1169. You violated your moral code, losing 28 points of alignment, starting on turn 2950. Dungeon overview: The Dungeons of Doom: levels 1 to 8 Level 1 a long staircase Level 2 a potion shop Level 3 Level 4 a long staircase Level 5 Level 6 (gold) Level 7 a fountain Level 8 <- You were here History has recorded: On T:1 you entered the Dungeons of Doom to retrieve the Amulet of Yendor! On T:282 you reached level 2 of The Dungeons of Doom. On T:755 you advanced to experience level 2. On T:938 you reached level 3 of The Dungeons of Doom. On T:952 you advanced to experience level 3. On T:1288 you reached level 4 of The Dungeons of Doom. On T:1732 you advanced to experience level 4. On T:1857 you reached level 5 of The Dungeons of Doom. On T:2226 you advanced to experience level 5. On T:2229 you reached level 6 of The Dungeons of Doom. On T:2558 you reached level 7 of The Dungeons of Doom. On T:3032 you advanced to experience level 6. On T:3374 you reached level 8 of The Dungeons of Doom. Score breakdown: Gold: 2266 (11414 points) Experience: 6 levels (12456 points) Exploration: 8 levels ( 16.67%) (11577 points) Discoveries: 4 items ( 1.39%) ( 3535 points) Valuables value: (no points given unless you survive) Artifact value: 0 ( 0 points) Variety of kills: 37 monsters ( 9.71%) ( 9348 points) Turncount: 3488 turns ( -822 points) Survival: died (score multiplied by 80%) Total score: 38006 Latest messages: F - an egg. This hill orc corpse tastes terrible! You stop eating. You resume your meal. You stop eating. The spell misses the quasit. You resume your meal. You finish eating the hill orc corpse. There are a few objects here. The spell hits the quasit! You miss the quasit. The quasit hits! (2x) The quasit's sting was poisoned! The poison was deadly... Final status: Goodbye Zazza the Wizard, poisoned by a quasit... You were poisoned in The Dungeons of Doom on dungeon level 8 with 38006 points, and 2266 pieces of gold, after 3488 moves. You were level 6 with a maximum of 47 hit points when you were poisoned.